AoeStats
← ApoC

Black Forest

509718540Analyzed
3v3 RM · 4d ago on Sep 27, 2026· 64m 20s· 6 players
Game mode
Random Map
Map size
Normal (6 player)
Population
200
Speed
Normal
Resources
Standard
Victory
Conquest
Starting age
Dark Age
Ending age
Imperial Age
RankedLock teamsTeams togetherTeam positionsShared explorationLock speedFull tech treeHidden civsTurbo modeCheats
Victory
Defeat
🇩🇪 Persians · Germany
659
+14
🇩🇪 Magyars · Germany
651
+14
🇩🇪 Italians · Germany
629
+15
🇲🇽 Franks · Mexico
663
-16
🇫🇮 Bengalis · Finland
610
-14
🇲🇽 Tatars · Mexico
570
-13
koes08
12:07 Feudal Age
14:50 Double-Bit Axe
14:48 Horse Collar
18:25 Wheelbarrow
17:52 Man-at-Arms
28:04 Castle Age
28:42 Gold Mining
29:04 Crossbowman
29:08 Pikeman
30:58 Elite Skirmisher
33:14 Bow Saw
40:00 Imperial Age
37:56 Heavy Plow
38:51 Long Swordsman
41:01 Halberdier
43:47 Chemistry
44:53 Heavy Scorpion
54:08 Onager
alangb_par
1:50 Loom
13:00 Feudal Age
13:30 Double-Bit Axe
22:55 Castle Age
23:12 Fishing Lines
23:55 Bow Saw
23:42 Gold Mining
25:48 Gillnets
29:20 Imperial Age
28:57 Scale Barding Armor
30:05 Gold Shaft Mining
29:20 Stone Mining
31:02 Chemistry
30:44 Stone Mining
33:09 Cavalier
36:37 Caravan
38:08 Paladin
39:54 Ballistics
39:43 Padded Archer Armor
39:33 Fletching
40:05 Chain Barding Armor
46:32 Leather Archer Armor
46:13 Bodkin Arrow
49:16 Plate Barding Armor
50:37 Scale Mail Armor
50:47 Forging
51:25 Coinage
58:13 Banking
58:10 Chivalry
ApoC
3:00 Loom
14:01 Feudal Age
15:51 Double-Bit Axe
15:48 Horse Collar
16:16 Gold Mining
16:31 Stone Mining
19:41 Scale Barding Armor
20:31 Forging
22:43 Bloodlines
22:36 Arson
23:20 Scale Mail Armor
23:45 Fletching
24:34 Wheelbarrow
27:03 Castle Age
25:55 Padded Archer Armor
26:05 Man-at-Arms
28:01 Pikeman
29:47 Gold Shaft Mining
30:29 Heavy Plow
31:01 Elite Skirmisher
31:35 Gambesons
31:58 Squires
32:33 Crossbowman
33:27 Husbandry
35:08 Fervor
35:47 Iron Casting
37:38 Caravan
38:13 Bow Saw
40:47 Hand Cart
43:04 Imperial Age
42:39 Chain Barding Armor
42:41 Bodkin Arrow
43:03 Leather Archer Armor
44:40 Plate Barding Armor
45:06 Blast Furnace
44:33 Paiks
44:51 Conscription
45:41 Elite Elephant Archer
45:43 Arbalester
46:36 Halberdier
49:25 Chain Mail Armor
52:36 Siege Elephant
60:20 Two-Man Saw
58:44 Elite Ratha (Ranged)
oemerayan
0:27 Loom
11:35 Feudal Age
22:45 Castle Age
25:07 Double-Bit Axe
25:05 Horse Collar
26:12 Heavy Plow
34:34 Imperial Age
33:15 Bow Saw
34:46 Gold Mining
35:10 Padded Archer Armor
35:01 Fletching
35:58 Wheelbarrow
35:09 Town Watch
36:11 Leather Archer Armor
36:20 Conscription
37:34 Hand Cart
37:55 Ring Archer Armor
37:21 Bodkin Arrow
37:15 Elite Skirmisher
39:27 Bracer
42:00 Chemistry
41:11 Fortified Wall
40:57 Murder Holes
42:53 Thumb Ring
43:45 Elite Genoese Crossbowman
Cebel-i Kebir
11:13 Feudal Age
11:58 Double-Bit Axe
12:09 Gold Mining
23:08 Castle Age
22:10 Stone Mining
22:19 Horse Collar
26:02 Heavy Plow
26:38 Bow Saw
27:54 Gold Shaft Mining
34:55 Imperial Age
34:04 Loom
34:55 Wheelbarrow
34:05 Town Watch
34:43 Pikeman
35:26 Corvinian Army
38:23 Two-Man Saw
37:56 Crop Rotation
37:29 Town Patrol
36:57 Halberdier
37:23 Arson
39:08 Hand Cart
39:06 Caravan
39:37 Coinage
41:42 Elite Magyar Huszar
43:00 Hoardings
41:55 Sappers
42:46 Conscription
43:49 Scale Barding Armor
43:44 Scale Mail Armor
43:45 Padded Archer Armor
43:35 Fletching
44:49 Chemistry
44:10 Ballistics
43:31 Treadmill Crane
44:01 Masonry
43:46 Murder Holes
43:57 Siege Engineers
44:36 Husbandry
44:47 Bloodlines
43:59 Cavalier
44:01 Elite Skirmisher
44:47 Thumb Ring
45:07 Parthian Tactics
46:06 Chain Mail Armor
46:07 Leather Archer Armor
45:47 Bodkin Arrow
46:12 Chain Barding Armor
48:13 Recurve Bow
51:08 Banking
52:47 Plate Barding Armor
52:42 Ring Archer Armor
52:13 Bracer
52:58 Heavy Cavalry Archer
56:53 Paladin
sulox32
0:38 Loom
12:34 Feudal Age
13:06 Double-Bit Axe
17:58 Town Watch
21:29 Castle Age
19:34 Gold Mining
19:27 Horse Collar
20:31 Stone Mining
23:25 Heavy Plow
23:42 Bow Saw
25:42 Town Patrol
28:50 Ballistics
29:18 Stone Shaft Mining
30:38 Wheelbarrow
30:46 Masonry
35:32 Imperial Age
33:43 Pikeman
34:24 Squires
34:10 Arson
34:55 Hand Cart
35:22 Gold Shaft Mining
35:38 Scale Mail Armor
35:50 Forging
36:58 Crop Rotation
37:33 Two-Man Saw
36:50 Caravan
37:58 Halberdier
39:19 Chain Mail Armor
39:39 Iron Casting
40:08 Chemistry
39:27 Thumb Ring
38:44 Crossbowman
41:12 Citadels
42:18 Kamandaran
44:36 Elite War Elephant
45:52 Elite Skirmisher
50:47 Onager
55:32 Architecture
54:53 Guard Tower
57:24 Guilds
Connection lost

Rejoining the realm…

Still unreachable

The connection could not be restored.

Session expired

The server has moved on; the page needs a fresh start.